 Dungeon Crawl Stone Soup version 0.31.0-9-g3a7656b989 (webtiles) character file.

Game seed: 16031379408102141231

107 sanka the Ruffian (level 4, -5/41 HPs)
             Began as a Troll Shapeshifter on Jan 24, 2024.
             Slain by a wraith (9 damage)
             ... on level 6 of the Dungeon.
             The game lasted 00:02:15 (1738 turns).

sanka the Ruffian (Troll Shapeshifter)              Turns: 1738, Time: 00:02:16

Health: -5/41      AC:  4    Str: 22    XL:     4   Next: 57%
Magic:  3/3        EV:  9    Int:  6    God:
Gold:   182        SH:  0    Dex: 11    Spells: 3/3 levels left

rFire   . .          .
                       - Unarmed
rCold   . . .        (no shield)
rNeg    . . .        a - +0 animal skin
rPois   .            (helmet currently unavailable)
rElec   .            (cloak currently unavailable)
rCorr   .            (gloves unavailable)
SInv    .            (boots unavailable)
Will    .....        (no amulet)
Stlth   +            (no ring)
HPRegen 1.06/turn    (no ring)
MPRegen 0.08/turn

%: no passive effects
@: beast-form, slowed, very slow
A: beast (slay +1), large, unfitting armour, claws 3, regeneration 1, shaggy fur
1, tough skin 1
a: Begin Untransformation


You were on level 6 of the Dungeon.
You were a hulking beast.
You visited 1 branch of the dungeon, and saw 4 of its levels.

You collected 182 gold pieces.


Innate Abilities, Weirdness & Mutations

You are a hulking beast.
Your limbs bulge with bestial killing power. (Slay +1)
You are too large for most types of armour.
You have claws for hands.
Your natural rate of healing is unusually fast.
You are covered in fur. (AC +1)
You have tough skin. (AC +1)


   Skills:
 - Level 1.0 Fighting
 - Level 1.5 Dodging
 + Level 5.3 Unarmed Combat
 - Level 3.0 Shapeshifting


You had 3 spell levels left.
You didn't know any spells.
Your spell library contained the following spells:

 Spells                   Type           Power      Damage    Failure   Level
 Apportation              Tloc           0%         N/A       45%         1
 Jinxbite                 Hex            0%         N/A       58%         2
 Static Discharge         Conj/Air       0%         3-3/arc   58%         2
 Airstrike                Air            0%         2d(0-16)  99%         4
 Summon Lightning Spire   Summ/Air       0%         N/A       99%         4
 Alistair's Intoxication  Alch           0%         N/A       100%        5

Inventory:

Missiles
 j - 3 large rocks {=f}
Armour
 a - a +0 animal skin (worn)
 f - a +0 cloak
 p - a +2 hat
Talismans
 c - a beast talisman
 d - a flux talisman
Scrolls
 e - a scroll of silence {unknown}
 g - 2 scrolls of identify {unknown}
 i - 2 scrolls of fear {unknown}
 k - a scroll of teleportation {unknown}
 l - a scroll of torment {unknown}
 n - 2 scrolls of blinking {unknown}
 s - 2 scrolls of enchant weapon {unknown}
Potions
 b - a potion of lignification {!q}
 h - 2 potions of might {unknown}
 m - 2 potions of curing {unknown}
 o - 2 potions of degeneration {unknown}
 q - 2 potions of mutation {unknown}
 r - a potion of brilliance {unknown}

Dungeon Overview and Level Annotations

Branches:
Dungeon (6/15)
 Temple: D:4-7

Altars:

..........▒▒
.........▒.
..........▒
..........▒
......>...
.........
........▒▒▒
......Wh..▒▒
....▒...▒..▒
........▒..▒
....▒▒▒...▒▒
... ▒▒.▒▒ ..
▒▒▒ .


You could see a wraith.


Message History

The wraith hits you!
* * * LOW HITPOINT WARNING * * *
The wraith drains your vigour!
You feel as though you will be slow longer.
You barely miss the wraith.
The wraith is lightly damaged.
The wraith hits you!
* * * LOW HITPOINT WARNING * * *
The wraith drains your vigour!
You feel as though you will be slow longer.
Unknown command.
You scratch the wraith.
The wraith is moderately damaged.
The wraith hits you but does no damage. The wraith hits you.
* * * LOW HITPOINT WARNING * * *
The wraith drains your vigour!
You feel as though you will be slow longer.
Unknown command.
You claw the wraith!
The wraith is heavily damaged.
The wraith hits you!
* * * LOW HITPOINT WARNING * * *
You scratch the wraith.
The wraith is severely damaged.
The wraith closely misses you.
You scratch the wraith.
The wraith is severely damaged.
The wraith hits you!
You die...

Action                     |  1- 3 |  4- 6 || total
---------------------------+-------+-------++-------
  Melee: Unarmed           |    72 |    30 ||   102
         Punch             |     4 |     1 ||     5
   Stab: Sleeping          |     1 |     1 ||     2
 Armour: Animal skin       |    51 |    24 ||    75
  Dodge: Dodged            |    24 |    15 ||    39

Levels and vault maps discovered:
D:1:      lemuel_arrival_cross, layout_loops_ring,
          ebering_ecumenical_altar_sacrificial, roderic_cross_of_infinity,
          minmay_misc_feat_five
D:2:      layout_basic, serial_bayou_lake_a
D:3:      layout_loops_cross, st_stairs_1
D:6:      layout_cave_pools

Notes
Turn   | Place    | Note
-------+----------+-------------------------------------------
     0 | D:1      | sanka the Troll Shapeshifter began the quest for the Orb.
     0 | D:1      | Reached XP level 1. HP: 18/18 MP: 0/0
   118 | D:1      | Reached skill level 1 in Fighting
   188 | D:1      | Reached XP level 2. HP: 27/27 MP: 1/1
   341 | D:1      | Found a faded altar of an unknown god.
   849 | D:2      | Reached skill level 4 in Unarmed Combat
   849 | D:2      | Reached XP level 3. HP: 31/33 MP: 2/2
  1416 | D:3      | Reached skill level 5 in Unarmed Combat
  1416 | D:3      | Reached XP level 4. HP: 41/41 MP: 3/3
  1718 | D:6      | Noticed a wraith
  1736 | D:6      | HP: 2/41 [wraith (8)]
  1738 | D:6      | Slain by a wraith

Vanquished Creatures
  An orc wizard (D:3)
  4 adders
  A ribbon worm (D:3)
  2 orcs (D:3)
  2 ball pythons (D:3)
  4 endoplasms
  A giant cockroach (D:2)
  5 goblins
  2 hobgoblins
  4 jackals (D:1)
  2 quokkas
  2 bats
  3 frilled lizards
  4 kobolds
  8 rats
45 creatures vanquished.
